 Dungeon Crawl Stone Soup version 0.26.1 (webtiles) character file.

Game seed: 15273186436693138879

450 Marvel the Magician (level 7, 0/43 HPs)
             Began as an Octopode Hedge Wizard on Feb 6, 2021.
             Was a Believer of Qazlal.
             Slain by a sky beast (6 damage)
             ... on level 4 of the Dungeon.
             The game lasted 00:16:30 (5188 turns).

Marvel the Magician (Octopode Hedge Wizard)         Turns: 5188, Time: 00:16:31

Health: 0/43       AC:  1    Str:  9    XL:     7   Next: 4%
Magic:  2/14       EV: 13    Int: 24    God:    Qazlal [**....]
Gold:   228        SH:  2    Dex: 12    Spells: 10/15 levels left

rFire    . . .     SeeInvis .   e - +3 short sword (protect)
rCold    . . .     Faith    .   (no shield)
rNeg     . . .     Spirit   .   b - +0 hat
rPois    .         Reflect  .   (no amulet)
rElec    .         Harm     .   i - +6 ring of intelligence
rCorr    .         Rampage  .   (no ring)
Will     .....                  (no ring)
Stlth    +++.......             (no ring)
HPRegen  0.14/turn              (no ring)
MPRegen  0.14/turn              (no ring)
                                (no ring)
                                (no ring)

@: no status effects
A: almost no armour, stealthy swim, amphibious, 8 rings, constrict 8, camouflage
1, gelatinous body 1
a: Renounce Religion, Upheaval


You were on level 4 of the Dungeon.
You worshipped Qazlal.
Qazlal was pleased with you.
You visited 1 branch of the dungeon, and saw 5 of its levels.

You collected 228 gold pieces.

Inventory:

Hand Weapons
 a - a +0 dagger
 e - a +3 short sword of protection (weapon)
Armour
 b - a +0 hat (worn)
Jewellery
 d - an uncursed ring of protection from cold {unknown}
 i - a +6 ring of intelligence (left tentacle)
Scrolls
 c - 2 scrolls of remove curse {unknown}
 f - a scroll of random uselessness {unknown}
 g - 2 scrolls of identify
 j - a scroll of amnesia {unknown}
 k - a scroll of fog {unknown}
 l - 5 scrolls of teleportation
 q - a scroll of magic mapping {unknown}
Potions
 h - a potion of attraction
 m - a potion of brilliance
 n - a potion of haste
 o - 2 potions of curing
 p - a potion of flight {unknown}


   Skills:
 + Level 1.0 Fighting
 + Level 2.0 Short Blades
 + Level 2.1 Dodging
 - Level 4.0 Stealth
 + Level 4.9 Spellcasting
 + Level 2.0 Conjurations
 + Level 3.9 Summonings
 + Level 1.0 Translocations


You had 10 spell levels left.
You knew the following spells:

 Your Spells              Type           Power        Failure   Level
a - Magic Dart            Conj           60%          3%          1
b - Call Imp              Summ           25%          2%          2
c - Blink                 Tloc           N/A          9%          2

Your spell library contained the following spells:

 Spells                   Type           Power        Failure   Level
 Slow                     Hex            5%           14%         2
 Conjure Flame            Conj/Fire      10%          17%         3
 Mephitic Cloud           Conj/Pois/Air  9%           21%         3


Dungeon Overview and Level Annotations

Branches:
Dungeon (5/15)
 Temple: D:4-7

Altars:
Qazlal
Wu Jian
Xom


Innate Abilities, Weirdness & Mutations

You cannot wear most types of armour.
You are very stealthy in the water. (Stealth+)
You are amphibious.
You can wear up to eight rings at the same time.
You can use your tentacles to constrict eight enemies at once.
Your skin changes colour to match your surroundings (Stealth+).
Your rubbery body absorbs attacks. (AC +1, EV +1)


Message History

Your crimson imp barely misses the sky beast.
The sky beast flickers out of sight!
There is a stone staircase leading up here.
Okay, then.
A sky beast appears from thin air!
Reactivating autopickup.
The sky beast barely misses you.
You climb upwards.
There is a stone staircase leading down here.
Casting: Call Imp (safe; 2% risk of failure)
Confirm with . or Enter, or press ? or * to list all spells.
A beastly little devil appears in a puff of flame.
You block the sky beast's attack.
Casting: Call Imp (safe; 2% risk of failure)
Confirm with . or Enter, or press ? or * to list all spells.
A beastly little devil appears in a puff of flame.
The sky beast hits you.
* * * LOW HITPOINT WARNING * * *
The sky beast shocks you.
You die...

######.#.##.#####.# #.#
#.#.##.# ### #.# #.#.##.#
#.#
#.#.##.##########.#######
#.#.##...................
#.#.###....###.##########
#.#......#.# #.####......
#.########.###.#.)..#####
#......5@Y5..............
###########.#..#.########
######)#..#.......#.
#....#.#..####......
###'##.#(#..# #....#.
#....#.#.#..# ##.#.#.
#...........#####.#.#.
####....#.#.#.###......#.
#.....#...(.#.###........


You could see a sky beast and 2 friendly crimson imps.

Vanquished Creatures
  A phantom (D:5)
  An orc priest (D:3)
  An orc wizard (D:3)
  Jessica (D:2)
  An iguana (D:4)
  A hound skeleton (D:4)
  Robin (D:2)
  5 gnolls (D:4)
  6 adders
  A white imp (D:5)
  2 oozes
  2 adder skeletons
  3 worms
  A dart slug (D:4)
  2 leopard geckos (D:2)
  An orc (D:3)
  3 giant cockroaches
  18 goblins
  10 hobgoblins
  8 jackals
  2 quokkas
  9 bats
  7 frilled lizards
  7 kobolds
  5 rats
99 creatures vanquished.

Vanquished Creatures (collateral kills)
  2 gnolls (D:4)
  An adder (D:4)
  An orc (D:3)
  A goblin (D:2)
5 creatures vanquished.

Grand Total: 104 creatures vanquished

Notes
Turn   | Place    | Note
-------+----------+-------------------------------------------
     0 | D:1      | Marvel the Octopode Hedge Wizard began the quest for the
                  | Orb.
     0 | D:1      | Reached XP level 1. HP: 11/11 MP: 4/4
   302 | D:1      | Reached XP level 2. HP: 17/17 MP: 0/6
   887 | D:1      | Reached XP level 3. HP: 21/21 MP: 0/8
   890 | D:1      | Learned a level 2 spell: Call Imp
  1414 | D:2      | Found a stormy altar of Qazlal.
  1416 | D:2      | Noticed a fire elemental
  1417 | D:2      | Noticed an earth elemental
  1417 | D:2      | Noticed an air elemental
  1417 | D:2      | Noticed a water elemental
  1422 | D:2      | Became a worshipper of Qazlal Stormbringer
  1427 | D:2      | Noticed Jessica
  1432 | D:2      | Killed Jessica
  1433 | D:2      | Reached XP level 4. HP: 27/27 MP: 10/10
  1826 | D:2      | Reached skill level 1 in Short Blades
  1974 | D:2      | Noticed Robin
  1982 | D:2      | Reached * piety under Qazlal
  1990 | D:2      | Reached XP level 5. HP: 25/31 MP: 8/11
  1997 | D:2      | Killed Robin
  2678 | D:3      | Reached skill level 1 in Fighting
  2861 | D:3      | Reached XP level 6. HP: 34/38 MP: 12/12
  2864 | D:3      | Learned a level 2 spell: Blink
  3321 | D:3      | Found an ornate altar of the Wu Jian Council.
  3321 | D:3      | Found a shimmering altar of Xom.
  4089 | D:4      | Reached ** piety under Qazlal
  5059 | D:5      | Entered Level 5 of the Dungeon
  5093 | D:5      | Noticed a phantom
  5125 | D:5      | Killed a phantom
  5126 | D:5      | Reached XP level 7. HP: 24/43 MP: 4/14
  5188 | D:4      | Slain by a sky beast

Illustrated notes

Levels and vault maps discovered:
D:1:      dpeg_arrival_simpleton_b, layout_basic
D:2:      layout_basic, nicolae_qazlal_style_of_elements, minivault_25,
          uniq_jessica, uniq_robin
D:3:      layout_loops_ring, gammafunk_temple_overflow_pools
D:4:      layout_basic
D:5:      layout_basic, minmay_temple_entry_statues, uniq_edmund

Skill      XL: |  1  2  3  4  5  6 |
---------------+-------------------+-----
Stealth        | 3 4 |  4.0
Spellcasting   | 4 |  4.9
Short Blades   | 1 2 |  2.0
Summonings     | 2 3 |  3.9
Fighting       | 1 |  1.0
Conjurations   | 2 |  2.0
Dodging        | |  2.1
Translocations | |  1.0

Action                   |  1- 3 |  4- 6 |  7- 9 || total
-------------------------+-------+-------+-------++-------
Melee: Dagger            |    36 |       |       ||    36
       Constrict         |    13 |    36 |       ||    49
       Tentacles         |     8 |    21 |       ||    29
       Short sword       |     9 |   139 |       ||   148
 Cast: Magic Dart        |    18 |    43 |     4 ||    65
       Call Imp          |       |    22 |     3 ||    25
  Use: Scroll            |       |     7 |       ||     7
       Potion            |       |     1 |       ||     1
 Stab: Sleeping          |     5 |     1 |       ||     6
       Distracted        |       |     1 |       ||     1
Armor: Skin              |     6 |    24 |       ||    30
Dodge: Dodged            |    20 |    73 |     1 ||    94
Block: Other             |       |     6 |     1 ||     7
